 Dungeon Crawl Stone Soup version 0.18-a0-1637-g109f206 (webtiles) character file.

52 xaos the Shield-Bearer (level 4, -7/37 HPs)
             Began as a Formicid Fighter on Mar 27, 2016.
             Killed from afar by an oklob plant (11 damage)
             ... with a splash of acid
             ... on level 5 of the Dungeon.
             The game lasted 00:08:25 (972 turns).

xaos the Shield-Bearer (Formicid Fighter)            Turns: 972, Time: 00:08:26

Health: -7/37      AC:  7    Str: 21    XL:     4   Next: 8%
Magic:  4/4        EV:  4    Int:  8    God:
Gold:   78         SH:  9    Dex: 10    Spells: 0 memorised, 3 levels left

rFire  . . .     SeeInvis +     k - +0 mace (curse)
rCold  . . .     Gourm    .     j - +0 plate armour
rNeg   . . .     Faith    .     c - +0 shield
rPois  .         Spirit   .     (helmet unavailable)
rElec  .         Dismiss  .     (no cloak)
rCorr  .         Reflect  .     (no gloves)
SustAt .         Harm     .     (no boots)
MR     .....                    (no amulet)
Stlth  ..........               (no ring)
                                (no ring)

@: corroded, not resistant to hostile enchantments, extremely unstealthy
A: permanent stasis, dig shafts and tunnels, four strong arms, antennae 3
a: Dig, Shaft Self


You were on level 5 of the Dungeon.
You were hungry.

You visited 1 branch of the dungeon, and saw 5 of its levels.

You collected 78 gold pieces.

Inventory:

Hand Weapons
 a - a +0 war axe
 k - a cursed +0 mace (weapon)
 n - a +0 mace
Missiles
 h - 14 sling bullets
 l - 16 arrows
 m - 12 stones (quivered)
Armour
 b - a +0 scale mail
 c - a +0 shield (worn)
 j - a +0 plate armour (worn)
Scrolls
 e - 2 scrolls of remove curse {unknown}
Potions
 d - a potion of might
 i - a potion of magic {unknown}
Comestibles
 f - 2 bread rations
 g - a meat ration
 o - 9 fruits


   Skills:
 + Level 3.8 Fighting
 + Level 2.3 Axes
 + Level 0.2(1.4) Maces & Flails
 + Level 3.5 Armour
 + Level 0.3 Dodging
 + Level 4.4 Shields


You had 3 spell levels left.
You didn't know any spells.

Dungeon Overview and Level Annotations

Branches:
Dungeon (5/15)
 Temple: D:4-7

Altars:
Ashenzari
Fedhas
Pakellas

Annotations:
D:5 exclusion: oklob plant


Innate Abilities, Weirdness & Mutations

You are under a permanent stasis effect.
You can dig through walls and to a lower floor.
Your four strong arms can wield two-handed weapons with a shield.
You have a pair of large antennae on your head (SInv).


Message History

o - 3 fruits The oklob plant spits acid at you.
The splash of acid hits you!
The acid burns!
The oklob plant spits acid at you. The splash of acid hits you!
The acid corrodes you!
The acid burns!
* * * LOW HITPOINT WARNING * * *
You see here a fruit.
o - 4 fruits (gained 1)
The oklob plant spits acid at you. You block the splash of acid.
You see here 3 fruits.
o - 7 fruits (gained 3)
You are feeling hungry.
The oklob plant spits acid at you. You block the splash of acid.
You see here 2 fruits.
o - 9 fruits (gained 2)
The oklob plant spits acid at you. The splash of acid hits you!
You die...

...≈≈≈≈._......###
##.≈≈≈≈...≈≈≈≈..P###
PP.≈≈≈≈≈≈≈≈≈≈≈.P.PP#
P#..≈≈≈≈≈≈≈≈≈..#.PP#
PPP..≈≈≈≈≈≈≈..PP.PP#
#PPP..≈≈≈≈≈..#PP.#P#
P#PPP.......PPPP.PP#


P#PP#P##PPP#PPPP..## PPPPPPP.PP.##PP.@PP# P#.#PPPPPP#PP#P%#PP#
P##PPPPPP##P.#PPPPP# ################## You could see an oklob plant.

Vanquished Creatures
  2 adders
  An ooze (D:2)
  A dart slug (D:1)
  A giant gecko (D:2)
  3 giant cockroaches
  4 goblins
  A hobgoblin (D:2)
  2 jackals
  3 kobolds
  2 ball pythons
  3 bats
  A giant newt (D:2)
  2 rats
  A plant (D:5)
27 creatures vanquished.

Notes
Turn   | Place    | Note
--------------------------------------------------------------
     0 | D:1      | xaos the Formicid Fighter began the quest for the Orb.
     0 | D:1      | Reached XP level 1. HP: 18/18 MP: 1/1
    61 | D:1      | Reached XP level 2. HP: 21/24 MP: 2/2
   146 | D:1      | You fall through a shaft!
   146 | D:2      | Found an oddly glowing altar of Pakellas.
   150 | D:2      | Reached skill level 4 in Shields
   278 | D:1      | Found a shattered altar of Ashenzari.
   311 | D:1      | Reached XP level 3. HP: 29/29 MP: 3/3
   829 | D:3      | Reached XP level 4. HP: 34/37 MP: 4/4
   920 | D:5      | Entered Level 5 of the Dungeon
   920 | D:5      | Found a blossoming altar of Fedhas.
   927 | D:5      | Noticed an oklob plant
   972 | D:5      | Killed from afar by an oklob plant

Vault maps used:
D:1:      erik_arrival_triangle_medium, evilmike_ruin_ashenzari
D:2:      lemuel_round_altar, lemuel_doored_altar, first_bread
D:4:      wad_lake_hut
D:5:      tgw_fedhas, minmay_temple_entry_crystal_x

Skill      XL: |  1  2 |
---------------+-------+-----
Shields        | 4 |  4.4
Fighting       | |  3.8
Axes           | |  2.3
Maces & Flails | |  0.2
Armour         | |  3.5
Dodging        | |  0.3

Action                   |  1- 3 |  4- 6 || total
-------------------------+-------+-------++-------
Melee: War axe           |    31 |       ||    31
       Mace              |    47 |    42 ||    89
